 Dungeon Crawl Stone Soup version 0.21-a0-171-g0f4a3b6 (webtiles) character file.

102 Nvm9 the Covered (level 4, 0/35 HPs)
             Began as a Demonspawn Fighter on Aug 7, 2017.
             Slain by MirrMurr's ghost (3 damage)
             ... on level 3 of the Dungeon.
             The game lasted 00:02:45 (1906 turns).

Nvm9 the Covered (Demonspawn Fighter)               Turns: 1906, Time: 00:02:45

Health: 0/35       AC: 11    Str: 15 (17) XL:     4   Next: 50%
Magic:  4/4        EV:  4    Int:  8 (9)  God:
Gold:   111        SH:  8    Dex: 11 (13) Spells: 3/3 levels left

rFire    + . .     SeeInvis +   a - +0 war axe
rCold    x . .     Gourm    .   c - +0 shield
rNeg     . . .     Faith    .   j - +0 chain mail
rPois    .         Spirit   .   (no helmet)
rElec    .         Reflect  .   (no cloak)
rCorr    .         Harm     .   (no gloves)
MR       .....                  (no boots)
Stlth    ..........             (no amulet)
HPRegen  0.11/turn              n - ring of fire
MPRegen  0.09/turn              (no ring)

@: sanguine armour
A: hooves 2, see invisible, deformed body, sanguine armour 1
a: no special abilities


You were on level 3 of the Dungeon.
You were hungry.

You visited 1 branch of the dungeon, and saw 3 of its levels.

You collected 111 gold pieces.

Inventory:

Hand Weapons
 a - a +0 war axe (weapon)
Armour
 b - a +0 scale mail
 c - a +0 shield (worn)
 j - a +0 chain mail (worn)
Jewellery
 n - a ring of fire (left hand)
Wands
 d - a wand of lightning (5/15)
Scrolls
 e - 2 scrolls of amnesia {unknown}
 g - 5 scrolls of identify {unknown}
 h - 2 scrolls of teleportation {unknown}
 i - a scroll of enchant weapon {unknown}
 m - a scroll of magic mapping {unknown}
 p - a scroll of recharging {unknown}
 q - a scroll of noise {unknown}
Potions
 r - a potion of flight
Comestibles
 f - 2 bread rations
 k - 3 royal jellies
 l - 4 fruits


   Skills:
 + Level 3.5 Fighting
 + Level 2.5 Axes
 * Level 3.6 Armour
 + Level 3.2 Shields


You had 3 spell levels left.
You didn't know any spells.

Dungeon Overview and Level Annotations

Branches:
Dungeon (3/15)

Altars:
Cheibriados
Fedhas
Makhleb
Ru
Vehumet
Yredelemnul

Annotations:
D:3 MirrMurr's ghost, amateur MfGl


Innate Abilities, Weirdness & Mutations

You have hoof-like feet.
When seriously injured, your bleeding wounds create armour. (AC +6)
You have supernaturally acute eyesight. (SInv)
Armour fits poorly on your strangely shaped body.


Message History

MirrMurr's ghost hits you!
* * * LOW HITPOINT WARNING * * *
Okay, then.
MirrMurr's ghost ripples.
MirrMurr's ghost hits you but does no damage.
MirrMurr's ghost hits you but does no damage.
There is an open door here.
You block MirrMurr's ghost's attack.
It was a potion of degeneration.
There was something very wrong with that liquid.
You feel weakened.
You feel dopey.
You feel clumsy.
MirrMurr's ghost hits you but does no damage.
You miss MirrMurr's ghost.
MirrMurr's ghost is almost destroyed.
MirrMurr's ghost whispers, "The ORB doesn't exist."
MirrMurr's ghost hits you but does no damage.
You miss MirrMurr's ghost.
MirrMurr's ghost is almost destroyed.
You block MirrMurr's ghost's attack. MirrMurr's ghost hits you.
You die...

#.....# ###### #.....# #....#
#####.....# ##.#.# #....######
#.#.# #....###### #.#.#
#.........# #.#.# #.........#
##.#.################.........##
#..†...........@W...'.........'.
####.################.........#
#..............# #.........#
##############.# ####......# #.#
#......## #.# #......'. #.#
#......## #.# #.......# #.#
#.......#


You could see MirrMurr's ghost.

Vanquished Creatures
  Ijyb (D:3)
  An adder (D:2)
  A worm (D:2)
  A dart slug (D:1)
  3 leopard geckos
  A ball python (D:1)
  2 giant cockroaches (D:1)
  5 goblins
  6 hobgoblins
  7 jackals
  2 quokkas (D:2)
  6 bats
  7 frilled lizards
  8 kobolds
  8 rats
59 creatures vanquished.

Notes
Turn   | Place    | Note
-------+----------+-------------------------------------------
     0 | D:1      | Nvm9 the Demonspawn Fighter began the quest for the Orb.
     0 | D:1      | Reached XP level 1. HP: 18/18 MP: 1/1
   188 | D:1      | Gained mutation: When seriously injured, your bleeding wounds create armour. (AC +6) [demonic ancestry]
   188 | D:1      | Reached XP level 2. HP: 24/24 MP: 2/2
   482 | D:1      | Gained mutation: You have large cloven feet. [demonic ancestry]
   482 | D:1      | Reached XP level 3. HP: 25/29 MP: 3/3
   937 | D:2      | Found a burning altar of Makhleb.
   938 | D:2      | Found a snail-covered altar of Cheibriados.
   938 | D:2      | Found a blossoming altar of Fedhas.
   938 | D:2      | Found a sacrificial altar of Ru.
  1296 | D:2      | Reached XP level 4. HP: 35/35 MP: 4/4
  1327 | D:2      | Found a basalt altar of Yredelemnul.
  1327 | D:2      | Found a radiant altar of Vehumet.
  1419 | D:3      | Gained mutation: Armour fits poorly on your strangely shaped body. [potion of mutation]
  1419 | D:3      | Gained mutation: You have supernaturally acute eyesight. (SInv) [potion of mutation]
  1419 | D:3      | Gained mutation: You have hoof-like feet. [potion of mutation]
  1494 | D:3      | Noticed Ijyb
  1503 | D:3      | Killed Ijyb
  1877 | D:3      | Noticed MirrMurr's ghost (amateur MfGl)
  1891 | D:3      | HP: 1/35 [MirrMurr's ghost (9)]
  1906 | D:3      | Slain by MirrMurr's ghost

Vault maps used:
D:1:      eino_arrival_cavern_a, lemuel_another_geyser
D:2:      grunt_temple_overflow_open, gammafunk_temple_overflow_statue,
          nrook_uturn
D:3:      nicolae_overflow_crystal_walls, first_bread, uniq_ijyb

Skill      XL: |  1  2 |
---------------+-------+-----
Armour         | 3 |  3.6
Axes           | 2 |  2.5
Shields        | 3 |  3.2
Fighting       | |  3.5

Action                   |  1- 3 |  4- 6 || total
-------------------------+-------+-------++-------
Melee: War axe           |   152 |    31 ||   183
       Kick              |    17 |    14 ||    31
  Use: Potion            |       |     6 ||     6
  Eat: Chunk             |     1 |     2 ||     3
Armor: Scale mail        |    60 |       ||    60
       Chain mail        |    29 |    16 ||    45
Dodge: Dodged            |    38 |     6 ||    44
Block: Shield            |    86 |    18 ||   104
